 Dungeon Crawl Stone Soup version 0.30-a0-365-ge7f957f1db (webtiles) character file.

Game seed: 2344168414872094198

175 qeuew the Ruffian (level 5, -1/51 (53) HPs)
             Began as a Troll Berserker on Nov 16, 2022.
             Was a Believer of Trog.
             Splashed by a jelly's acid (10 damage)
             ... on level 4 of the Dungeon.
             The game lasted 00:01:59 (2342 turns).

qeuew the Ruffian (Troll Berserker)                 Turns: 2342, Time: 00:02:00

HP:   -1/51 (53)    AC: -4    Str: 25    XL:     5   Next: 29%
MP:   4/4           EV: 10    Int:  3    God:    Trog [**....]
Gold: 174           SH:  0    Dex: 11    Spells: 4/4 levels left

rFire   . . .      SeeInvis .      - Unarmed
rCold   . . .      Faith    .    (no shield)
rNeg    . . .      Spirit   .    a - +0 animal skin
rPois   .          Reflect  .    (helmet restricted)
rElec   .          Harm     .    (no cloak)
rCorr   .          Rampage  .    (gloves unavailable)
Will    ++...                    (boots unavailable)
Stlth   +.........               (no amulet)
HPRegen 2.08/turn                (no ring)
MPRegen 0.09/turn                (no ring)

@: strong-willed, corroded, regenerating, lightly drained
A: large, unfitting armour, claws 3, regeneration 1, shaggy fur 1, tough skin 1
a: Renounce Religion, Berserk, Trog's Hand


You were on level 4 of the Dungeon.
You worshipped Trog.
Trog was pleased with you.
You visited 1 branch of the dungeon, and saw 4 of its levels.

You collected 174 gold pieces.

Inventory:

Missiles
 c - a throwing net (quivered)
Armour
 a - a +0 animal skin (worn)
Wands
 g - a wand of iceblast (11)
Scrolls
 e - a scroll of summoning
Potions
 b - 2 potions of heal wounds
 d - 2 potions of flight
 f - a potion of resistance {unknown}


   Skills:
 + Level 3.2 Fighting
 + Level 3.2 Dodging
 * Level 4.8 Unarmed Combat
 + Level 0.0 Evocations


You had 4 spell levels left.
You didn't know any spells.
Your spell library was empty.

Dungeon Overview and Level Annotations

Branches:
Dungeon (4/15)
 Temple: D:4-7

Altars:
Ashenzari
Okawaru
The Shining One

Shops:
D:1 (


Innate Abilities, Weirdness & Mutations

You are too large for most types of armour.
You have claws for hands.
Your natural rate of healing is unusually fast.
You are covered in fur. (AC +1)
You have tough skin. (AC +1)


Message History

There are monsters nearby!
There are monsters nearby!
There are monsters nearby!
The jelly completely misses you.
There are monsters nearby!
You scratch the jelly. The acid corrodes you!
Your claws burn!
The jelly is lightly wounded.
The jelly barely misses you.
There are monsters nearby!
You barely miss the jelly.
The jelly is lightly wounded.
The jelly hits you.
You are splashed with acid!
The necrophage hits you.
There are monsters nearby!
You scratch the jelly.
Your claws burn!
The jelly is heavily wounded.
The necrophage hits you. The jelly barely misses you.
There are monsters nearby!
There are monsters nearby!
You scratch the jelly.
Your claws burn!
The jelly is almost dead.
The jelly hits you.
You are splashed with acid!
* * * LOW HITPOINT WARNING * * *
The necrophage barely misses you.
There are monsters nearby!
You are too injured to fight recklessly!
There are monsters nearby!
You are too injured to fight recklessly!
There are monsters nearby!
You are too injured to fight recklessly!
There are monsters nearby!
Your skin crawls.
You feel strong-willed. The necrophage hits you.
* * * LOW HITPOINT WARNING * * *
You feel drained.
* * * LOW HITPOINT WARNING * * *
The jelly hits you.
* * * LOW HITPOINT WARNING * * *
The acid corrodes you!
You are splashed with acid!
You die...

##..## ###....## ##
#.......##.. ##
#####.........#
#.##.(#..#.#.....# #
##............#..# #
#.##............# ##
##........##....#
.###.........#..@..#
#.####..#.......nJ..#
..########..............
#...###.................
#....##......#..........
.#..........##..........
............###.##......
.......####.....# ......
#..##..##.#....### .


You could see a necrophage and a jelly.

Vanquished Creatures
  An ogre (D:3)
  2 adders (D:3)
  2 worms
  2 dart slugs (D:3)
  2 orcs
  4 ball pythons
  7 endoplasms
  3 goblins (D:1)
  5 hobgoblins
  13 jackals
  4 kobolds
  3 bats
  A frilled lizard (D:1)
  2 rats (D:1)
51 creatures vanquished.

Notes
Turn   | Place    | Note
-------+----------+-------------------------------------------
     0 | D:1      | qeuew the Troll Berserker began the quest for the Orb.
     0 | D:1      | Reached XP level 1. HP: 22/22 MP: 0/0
    86 | D:1      | Reached XP level 2. HP: 29/29 MP: 1/1
   490 | D:1      | Reached XP level 3. HP: 36/36 MP: 2/2
   642 | D:1      | Reached ** piety under Trog
   644 | D:1      | Found Mybryol's Weapon Shoppe.
  1313 | D:3      | Reached skill level 4 in Unarmed Combat
  1379 | D:3      | Noticed an ogre
  1389 | D:3      | Killed an ogre
  1390 | D:3      | Reached XP level 4. HP: 19/45 MP: 3/3
  1390 | D:3      | Reached XP level 5. HP: 23/53 MP: 4/4
  1452 | D:3      | Found an iron altar of Okawaru.
  1740 | D:3      | Found a broken altar of Ashenzari.
  2109 | D:3      | Found a glowing golden altar of the Shining One.
  2342 | D:4      | Splashed by a jelly's acid

Illustrated notes

Levels and vault maps discovered:
D:1:      evilmike_arrival_plus, layout_loops_ring, serial_shops,
          nicolae_lakefront_shop
D:2:      layout_basic
D:3:      layout_loops_corners, mainiacjoe_overflow_surrounded_room,
          nicolae_tso_carved_into_rock, cheibrodos_ashenzari_chains
D:4:      layout_cave_pools, mainiacjoe_overflow_brackets,
          gammafunk_temple_overflow_wave

Skill      XL: |  1  2  3 |
---------------+----------+-----
Unarmed Combat | 4 |  4.8
Fighting       | 3 |  3.2
Dodging        | 3 |  3.2

Action                   |  1- 3 |  4- 6 || total
-------------------------+-------+-------++-------
Melee: Unarmed           |    97 |    37 ||   134
       Punch             |     1 |     2 ||     3
Invok: Trog's Hand       |       |     1 ||     1
  Use: Scroll            |     3 |     1 ||     4
       Potion            |     1 |       ||     1
 Stab: Sleeping          |       |     1 ||     1
Armor: Animal skin       |    30 |    11 ||    41
Dodge: Dodged            |    41 |    15 ||    56

Table legend: (Time is in decaauts)
 A = Elapsed time spent in this place.
 B = Non-inter-level travel time spent in this place.
 C = Inter-level travel time spent in this place.
 D = Time resting spent in this place.
 E = Time spent auto-exploring this place.
 F = Levels seen in this place.
 G = Mean time per level.
                   A        B        C        D        E       F      G
               +--------+--------+--------+--------+--------+-----+--------+
         Total |   2331 |   2185 |    146 |      0 |   1900 |   4 |  582.8 |
       Dungeon |   2331 |   2185 |    146 |      0 |   1900 |   4 |  582.8 |
               +--------+--------+--------+--------+--------+-----+--------+

Top non-repeatable levels by time:
     D:3: 930 daAuts
     D:1: 680 daAuts
     D:2: 590 daAuts
     D:4: 130 daAuts
